[Event "Titled Tuesday Blitz March 22 Late 2022"]
[White "Fishbein, Alexander"]
[Black "Przybylski, Wojciech"]
[WhiteFideId "2000377"]
[BlackFideId "1117599"]
[WhiteElo "2442"]
[BlackElo "2133"]
[Result "1/2-1/2"]
[Round "08"]
[TimeControl "180+1"]
[Date "2022.03.22"]
[WhiteClock "0:00:30"]
[BlackClock "0:00:09"]

1. e4 e5 2. Nf3 Nf6 3. Nxe5 d6 4. Nf3 Nxe4 5. d3 Nf6 6. d4 d5 7. Bd3 Bd6 8. Qe2+ Qe7 9. Qxe7+ Bxe7 10. Bf4 c6 11. Nbd2 h6 12. O-O Be6 13. Rfe1 Nbd7 14. Nb3 O-O-O 15. c3 Rde8 16. a4 g5 17. Be5 Nxe5 18. Nxe5 Nd7 19. Ng6 Rhg8 20. Nxe7+ Rxe7 21. a5 Rge8 22. Re3 Bg4 23. Rxe7 Rxe7 24. f3 Bh5 25. Kf2 Kc7 26. Nd2 Nf6 27. Nf1 Bg6 28. Bxg6 fxg6 29. Ne3 Ne8 30. b3 Nf6 31. c4 Kd6 32. Rc1 b6 33. axb6 axb6 34. Ra1 c5 35. dxc5+ Kxc5 36. cxd5 Nxd5 37. Rc1+ Kd6 38. Nc4+ Kd7 39. Ra1 b5 40. Ra7+ Kc6 41. Rxe7 Nxe7 42. Ne5+ Kd5 43. Nf7 Nf5 44. g4 Nd4 45. Nxh6 Nxb3 46. Nf7 Nc5 47. Ke3 Ne6 48. Nh8 Nf8 49. Nf7 Ne6 50. Nh8 Nf4 51. Nf7 Ne6 1/2-1/2


[Site "https://www.chess.com"]

[Event "Titled Tuesday Blitz March 22 Late 2022"]
[White "Godzwon, Iwo"]
[Black "Rozman, Levy"]
[WhiteFideId "21802483"]
[BlackFideId "2039877"]
[WhiteElo "2201"]
[BlackElo "2376"]
[Result "1-0"]
[Round "08"]
[TimeControl "180+1"]
[Date "2022.03.22"]
[WhiteClock "0:00:14"]
[BlackClock "0:00:26"]

1. e4 d5 2. exd5 Nf6 3. Bb5+ Nbd7 4. Nc3 a6 5. Be2 Nb6 6. Bf3 Nbxd5 7. Nge2 e5 8. O-O Bf5 9. Nxd5 Nxd5 10. Ng3 Be6 11. d4 exd4 12. Qxd4 c6 13. c3 Qf6 14. Qxf6 Nxf6 15. Be3 O-O-O 16. a3 Nd5 17. Bd4 Rg8 18. Ne4 h6 19. Rad1 Be7 20. Bc5 Rge8 21. Bxe7 Rxe7 22. Nc5 Nf4 23. g3 Nd5 24. Rfe1 Rde8 25. Nxe6 fxe6 26. Re5 Nf6 27. Rde1 Kc7 28. Kg2 Nd7 29. R5e2 e5 30. Bg4 Nf6 31. Bf5 e4 32. Bg6 Rd8 33. Bxe4 Rf7 34. Bg6 Rff8 35. Re7+ Kb6 36. R1e2 Rd6 37. Rxg7 Nd5 38. Be4 Nc7 39. Bf3 Ne6 40. Re7 Ng5 41. Bg4 Rdf6 42. h4 Nf7 43. R2e6 Nd6 44. Rxf6 Rxf6 45. Re6 Rxe6 46. Bxe6 Kc5 47. g4 Ne4 48. Kf3 Nd2+ 49. Ke3 Nf1+ 50. Kf4 Kd6 51. Bc4 Nd2 52. Bd3 c5 53. g5 hxg5+ 54. Kxg5 c4 55. Bc2 Nf3+ 56. Kg4 Ne1 57. Be4 Ke5 58. f3 Nd3 59. h5 Nf2+ 60. Kg5 Nh3+ 61. Kh4 Nf4 62. h6 Kf6 63. Bxb7 Kg6 64. Bxa6 Kxh6 65. Bxc4 Ng6+ 66. Kg3 Ne5 67. Bd5 Kg7 68. Kf4 Nd3+ 69. Ke3 Nxb2 70. Kd4 Kf6 71. Bb3 Kf5 72. c4 Kf4 73. Kc3 Na4+ 74. Bxa4 Ke5 75. Kb4 1-0


[Site "https://www.chess.com"]

[Event "Titled Tuesday Blitz March 22 Late 2022"]
[White "Golubev, Mikhail"]
[Black "Sanchez, Robert"]
[WhiteFideId "14100983"]
[BlackFideId "2034360"]
[WhiteElo "2374"]
[BlackElo "2247"]
[Result "0-1"]
[Round "08"]
[TimeControl "180+1"]
[Date "2022.03.22"]
[WhiteClock "0:00:02"]
[BlackClock "0:00:03"]

1. d4 d5 2. c4 e6 3. Nc3 Nf6 4. Nf3 Be7 5. Bf4 O-O 6. e3 a6 7. cxd5 exd5 8. Bd3 c5 9. dxc5 Bxc5 10. O-O Nc6 11. h3 h6 12. Rc1 Bd6 13. Bxd6 Qxd6 14. Bb1 Rd8 15. Nd4 Ne5 16. Nce2 Bd7 17. Ng3 Nc4 18. b3 Nxe3 19. fxe3 Qxg3 20. Rf3 Qg5 21. Qd2 Re8 22. Rcf1 Re7 23. Qf2 Rae8 24. Rg3 Qe5 25. Bf5 Bb5 26. Nxb5 axb5 27. Bd3 Ne4 28. Bxe4 Qxe4 29. Qb2 Qe5 30. Qf2 f6 31. Rf3 b4 32. Rf5 Qxe3 33. Qxe3 Rxe3 34. Rxd5 Re2 35. Rf4 Rxa2 36. Rxb4 Ree2 37. Rg4 Rad2 38. Rb5 Rd7 39. Rgb4 Ree7 40. Kh2 Kf7 41. Rb6 g5 42. h4 Kg6 43. hxg5 hxg5 44. R4b5 Rh7+ 45. Kg1 Rhe7 46. Kh2 Rf7 47. Kg1 Rde7 48. Kh2 Kg7 49. Kg3 Kg6 50. Kf2 Re6 0-1


[Site "https://www.chess.com"]

[Event "Titled Tuesday Blitz March 22 Late 2022"]
[White "Grischuk, Alexander"]
[Black "Shimanov, Aleksandr"]
[WhiteFideId "4126025"]
[BlackFideId "4198603"]
[WhiteElo "2762"]
[BlackElo "2636"]
[Result "1/2-1/2"]
[Round "08"]
[TimeControl "180+1"]
[Date "2022.03.22"]
[WhiteClock "0:00:12"]
[BlackClock "0:00:16"]

1. e4 d5 2. exd5 Qxd5 3. Nc3 Qe5+ 4. Nge2 Nf6 5. d4 Qa5 6. g3 c6 7. Bg2 Bf5 8. b4 Qd8 9. b5 e6 10. O-O Be7 11. a4 a6 12. Rb1 axb5 13. axb5 Nd5 14. Ne4 O-O 15. c4 Nf6 16. N2c3 Nxe4 17. Nxe4 Nd7 18. Be3 Rc8 19. bxc6 bxc6 20. c5 Bxe4 21. Bxe4 Nf6 22. Bf3 Nd5 23. Qd3 Bf6 24. Rb7 Rc7 25. Rfb1 Qd7 26. Rxc7 Qxc7 27. Bxd5 exd5 28. Qb3 h5 29. Qb7 Qc8 30. Qxc8 Rxc8 31. h3 Kf8 32. g4 hxg4 33. hxg4 g6 34. Rb7 Ke8 35. Kf1 Bd8 36. Ke2 Rc7 37. Rb8 Kd7 38. Ra8 Rb7 39. Kd3 Rb3+ 40. Kc2 Rb7 41. Kc3 Bf6 42. Rf8 Ke6 43. Re8+ Kd7 44. Rf8 Ke6 45. Rc8 Kd7 46. Rf8 1/2-1/2


[Site "https://www.chess.com"]

[Event "Titled Tuesday Blitz March 22 Late 2022"]
[White "Holt, Conrad"]
[Black "Martinez Alcantara, Jose Eduardo"]
[WhiteFideId "2034387"]
[BlackFideId "3805662"]
[WhiteElo "2586"]
[BlackElo "2690"]
[Result "0-1"]
[Round "08"]
[TimeControl "180+1"]
[Date "2022.03.22"]
[WhiteClock "0:00:02"]
[BlackClock "0:00:20"]

1. d4 Nf6 2. c4 e6 3. Nc3 Bb4 4. Qc2 d6 5. e4 O-O 6. a3 Bxc3+ 7. bxc3 e5 8. Bd3 Nc6 9. Ne2 Re8 10. O-O Qe7 11. f4 exd4 12. cxd4 Nxe4 13. d5 Nc5 14. Bxh7+ Kh8 15. Rf2 Na5 16. Bb2 Nxc4 17. Qxc4 Kxh7 18. f5 Qe4 19. Qc3 f6 20. Nd4 Qxd5 21. Raf1 Re4 22. Ne2 Qd3 23. Ng3 Qxc3 24. Bxc3 Rc4 25. Rf3 Bd7 26. Nh5 Ne4 27. Be1 Be8 28. Nf4 Bf7 29. Rh3+ Kg8 30. Re3 Re8 31. h3 Re5 32. g4 Ng5 33. Ng2 Rxe3 34. Nxe3 Re4 35. Ng2 Nxh3+ 36. Kh2 Ng5 37. Kg3 Ra4 38. Bb4 c5 39. Bd2 Ne4+ 40. Kh4 Nxd2 41. Rf2 Nc4 42. Re2 Ne5 43. Ne3 Re4 0-1


[Site "https://www.chess.com"]

[Event "Titled Tuesday Blitz March 22 Late 2022"]
[White "Horak, Martin"]
[Black "Karttunen, Mika"]
[WhiteFideId "367095"]
[BlackFideId "502081"]
[WhiteElo "1997"]
[BlackElo "2343"]
[Result "0-1"]
[Round "08"]
[TimeControl "180+1"]
[Date "2022.03.22"]
[WhiteClock "0:00:03"]
[BlackClock "0:00:12"]

1. d4 Nf6 2. Nf3 e6 3. c4 d5 4. Nc3 Bb4 5. Qa4+ Nc6 6. Bg5 h6 7. Bxf6 Qxf6 8. e3 O-O 9. a3 Bxc3+ 10. bxc3 dxc4 11. Bxc4 e5 12. O-O a6 13. Be2 Bd7 14. Qc2 Bf5 15. Bd3 Bxd3 16. Qxd3 Rfe8 17. Qc4 Qd6 18. Rfb1 b5 19. Qb3 Na5 20. Qb4 Nc4 21. Rd1 Rad8 22. Nd2 Nb6 23. Rac1 Nd5 24. Qa5 Qg6 25. c4 bxc4 26. Nxc4 exd4 27. Rxd4 Nxe3 28. fxe3 Rxd4 29. exd4 Re2 30. Qd5 Qd3 31. Ne5 Qe3+ 32. Kf1 Qf2# 0-1


[Site "https://www.chess.com"]

[Event "Titled Tuesday Blitz March 22 Late 2022"]
[White "Ibarra Jerez, Jose Carlos"]
[Black "Mikhalsky, Vladimir"]
[WhiteFideId "2226332"]
[BlackFideId "14144352"]
[WhiteElo "2626"]
[BlackElo "2301"]
[Result "1-0"]
[Round "08"]
[TimeControl "180+1"]
[Date "2022.03.22"]
[WhiteClock "0:00:07"]
[BlackClock "0:00:02"]

1. d4 Nf6 2. Nc3 g6 3. e4 d6 4. Bg5 Bg7 5. e5 Nfd7 6. exd6 cxd6 7. Qd2 Nc6 8. Nf3 h6 9. Be3 Nf6 10. d5 Nb4 11. a3 Na6 12. Bc4 Nc5 13. O-O a6 14. a4 Nce4 15. Nxe4 Nxe4 16. Qb4 O-O 17. Rfe1 Nc5 18. a5 Bf5 19. Nd4 Bd7 20. Qd2 Kh7 21. b4 Ne4 22. Qd3 Nf6 23. Bb3 Ng4 24. Bd2 Ne5 25. Qe2 Rc8 26. c3 Re8 27. h3 Qc7 28. c4 Nxc4 29. Rac1 Bb5 30. Nxb5 axb5 31. h4 e6 32. dxe6 Rxe6 33. Qd3 Rxe1+ 34. Bxe1 Qe7 35. Qd5 Ne3 36. Qd2 Rxc1 37. Qxc1 Nc4 38. Qd1 d5 39. f3 Qe3+ 40. Bf2 Qe5 41. h5 Qxh5 42. Qd3 Qe5 43. Bc2 Qa1+ 44. Kh2 Qe5+ 45. g3 h5 46. Kg2 Qe6 47. f4 Qd6 48. Qf3 Qxb4 49. Qxh5+ Kg8 50. Qxd5 Qd6 51. Qxb7 Nd2 52. Qxb5 Qc7 53. Qd3 Nc4 54. Qf3 Nxa5 55. Be4 Nc4 56. Bd5 Nd6 57. Qd3 Nf5 58. Qe4 Qe7 59. Qc4 Qf6 60. Qc8+ Bf8 61. Qc4 Nd6 62. Qd3 Nf5 63. Bb3 Ne7 64. Bd4 Qc6+ 65. Kh2 Nf5 66. Bf2 Qd6 67. Bd5 Qe7 68. Be4 Qd6 69. Bxf5 gxf5 70. Qxf5 Qh6+ 71. Kg2 Qg6 72. Qe5 Qe6 73. Qg5+ Qg6 74. Qd8 Qg7 75. Bc5 Qb2+ 76. Kh3 Qh8+ 77. Kg4 Qg7+ 78. Kh3 Qh8+ 79. Kg2 Qb2+ 80. Bf2 Qg7 81. Qd5 Qg6 82. Bd4 Qe6 83. Qg5+ Qg6 84. Qe5 Qh7 85. Qf6 Qc2+ 86. Kh3 Qh7+ 87. Kg4 Qg6+ 88. Qxg6+ fxg6 89. Kg5 Kf7 90. Bf6 Bd6 91. Be5 Bc5 92. Kh6 Bb4 93. Kh7 Ba3 94. g4 Bb4 95. Bd4 Ba3 96. f5 gxf5 97. g5 Bf8 98. g6+ Ke6 99. Be3 f4 100. Bxf4 Kf5 101. Bh6 1-0


[Site "https://www.chess.com"]

[Event "Titled Tuesday Blitz March 22 Late 2022"]
[White "Indjic, Aleksandar"]
[Black "Matinian, Nikita"]
[WhiteFideId "911925"]
[BlackFideId "24129100"]
[WhiteElo "2616"]
[BlackElo "2422"]
[Result "1-0"]
[Round "08"]
[TimeControl "180+1"]
[Date "2022.03.22"]
[WhiteClock "0:00:30"]
[BlackClock "0:00:04"]

1. d4 Nf6 2. c4 e6 3. Nc3 Bb4 4. Qc2 Nc6 5. e3 O-O 6. Ne2 e5 7. d5 Ne7 8. a3 Bxc3+ 9. Nxc3 d6 10. Bd3 g6 11. f3 Nh5 12. g4 Ng7 13. h4 f5 14. g5 c6 15. b4 cxd5 16. cxd5 Bd7 17. Bb2 Rc8 18. Qd2 f4 19. e4 Nh5 20. Qf2 a6 21. Kd2 Rc7 22. Rac1 Ng3 23. Rhg1 Nc8 24. a4 h6 25. b5 axb5 26. Nxb5 Rxc1 27. Rxc1 hxg5 28. hxg5 Qxg5 29. Rc7 Bh3 30. Rxb7 Nh1 31. Qh2 Qg2+ 32. Qxg2 Bxg2 33. Be2 g5 34. Ba3 g4 35. Nxd6 gxf3 36. Bc4 Ng3 37. Nf5 Nxe4+ 38. Kc2 Rxf5 39. d6+ Kh8 40. d7 1-0


[Site "https://www.chess.com"]

[Event "Titled Tuesday Blitz March 22 Late 2022"]
[White "Iskusnyh, Sergei"]
[Black "Fernandez Siles, Luis"]
[WhiteFideId "4120027"]
[BlackFideId "2209420"]
[WhiteElo "2492"]
[BlackElo "2212"]
[Result "1-0"]
[Round "08"]
[TimeControl "180+1"]
[Date "2022.03.22"]
[WhiteClock "0:01:42"]
[BlackClock "0:00:02"]

1. d4 Nf6 2. c4 g6 3. g3 Bg7 4. Bg2 O-O 5. Nc3 d6 6. Nf3 c6 7. O-O Qa5 8. Bd2 Qh5 9. Re1 Bh3 10. Bh1 Nbd7 11. Qb3 b6 12. Rad1 Ng4 13. Qa4 e5 14. Qxc6 exd4 15. Nd5 Nde5 16. Qxd6 Rfe8 17. Nf4 Qh6 18. Nxe5 Bxe5 19. Qd7 Rad8 20. Qc6 d3 21. Nxd3 Qh5 22. Nxe5 1-0


[Site "https://www.chess.com"]

[Event "Titled Tuesday Blitz March 22 Late 2022"]
[White "Jacobson, Aaron"]
[Black "Buchenau, Frank"]
[WhiteFideId "2089912"]
[BlackFideId "4604350"]
[WhiteElo "2265"]
[BlackElo "2193"]
[Result "1-0"]
[Round "08"]
[TimeControl "180+1"]
[Date "2022.03.22"]
[WhiteClock "0:01:42"]
[BlackClock "0:00:29"]

1. e4 e6 2. d4 d5 3. Nd2 Nf6 4. e5 Nfd7 5. f4 c5 6. Ngf3 Nc6 7. Nb3 c4 8. Nbd2 b5 9. Be2 a5 10. Nf1 h5 11. Ne3 g6 12. O-O Be7 13. Bd2 b4 14. Be1 Ba6 15. Bf2 a4 16. Qe1 Nb6 17. Rd1 a3 18. b3 cxb3 19. cxb3 Bxe2 20. Qxe2 Qd7 21. Bh4 Bxh4 22. Nxh4 Na7 23. f5 gxf5 24. Nhxf5 exf5 25. Nxf5 Nbc8 26. Ng7+ Kd8 27. e6 Qb5 28. Rxf7 Qxe2 29. Rd7# 1-0


[Site "https://www.chess.com"]

[Event "Titled Tuesday Blitz March 22 Late 2022"]
[White "Janturin, Artur"]
[Black "Petesch, Gabriel"]
[WhiteFideId "4130022"]
[BlackFideId "2032465"]
[WhiteElo "2345"]
[BlackElo "2374"]
[Result "0-1"]
[Round "08"]
[TimeControl "180+1"]
[Date "2022.03.22"]
[WhiteClock "0:00:01"]
[BlackClock "0:00:05"]

1. b3 a5 2. Bb2 Nc6 3. a3 e5 4. e3 Nf6 5. c4 Be7 6. Nf3 d6 7. d4 exd4 8. Nxd4 O-O 9. Be2 Nxd4 10. Qxd4 b6 11. Bf3 Rb8 12. Nc3 Be6 13. O-O Qd7 14. Rac1 Rfd8 15. Rfd1 Ne8 16. Nd5 Bxd5 17. Bxd5 Bf6 18. Qd2 Bxb2 19. Qxb2 c6 20. Bf3 Rbc8 21. b4 axb4 22. axb4 Qc7 23. c5 bxc5 24. bxc5 d5 25. e4 Rb8 26. Qc3 dxe4 27. Bxe4 Nf6 28. Bf3 Qf4 29. g3 Qf5 30. Bxc6 Ng4 31. Bf3 Ne5 32. Kg2 Rxd1 33. Bxd1 Nd3 34. Rc2 Qe4+ 35. f3 Qe3 36. Be2 Rb3 37. Qxb3 Ne1+ 38. Kf1 Qxb3 39. Rd2 g5 40. Kxe1 Qc3 41. Kd1 Qxc5 42. Bd3 Qe3 43. Be2 Kg7 44. Kc2 Qf2 0-1


[Site "https://www.chess.com"]

[Event "Titled Tuesday Blitz March 22 Late 2022"]
[White "Jary, Sergey"]
[Black "Kovanova, Baira"]
[WhiteFideId "14110350"]
[BlackFideId "4164083"]
[WhiteElo "2260"]
[BlackElo "2190"]
[Result "1-0"]
[Round "08"]
[TimeControl "180+1"]
[Date "2022.03.22"]
[WhiteClock "0:00:24"]
[BlackClock "0:00:03"]

1. e4 e5 2. Nf3 Nc6 3. d4 exd4 4. Bc4 Nf6 5. O-O Nxe4 6. Re1 d5 7. Bxd5 Qxd5 8. Nc3 Qa5 9. Nxe4 Be6 10. Bd2 Qd5 11. Bg5 Be7 12. Bxe7 Nxe7 13. Nxd4 O-O-O 14. Nxe6 Qxe6 15. Qf3 Qd5 16. h3 Ng6 17. b3 f6 18. c4 Qc6 19. Rad1 Rxd1 20. Rxd1 Re8 21. Qf5+ Kb8 22. Ng3 a6 23. Qg4 Qc5 24. Nf5 Ne5 25. Qxg7 Nf3+ 26. gxf3 Qxf5 27. Kg2 Qe6 28. Qxh7 Rg8+ 29. Kf1 Re8 30. Kg2 Rg8+ 31. Kh1 Rg5 32. Rg1 Qe5 33. Qe4 Qb2 34. Rxg5 fxg5 35. Kg2 Qxa2 36. Qe3 Qb2 37. Qxg5 Qxb3 38. h4 Qxc4 39. h5 a5 40. h6 a4 41. h7 a3 42. Qg8+ 1-0


[Site "https://www.chess.com"]

[Event "Titled Tuesday Blitz March 22 Late 2022"]
[White "Jeet, Jain"]
[Black "Weetik, Vjacheslav"]
[WhiteFideId "5073022"]
[BlackFideId "4153472"]
[WhiteElo "2085"]
[BlackElo "2469"]
[Result "0-1"]
[Round "08"]
[TimeControl "180+1"]
[Date "2022.03.22"]
[WhiteClock "0:00:02"]
[BlackClock "0:00:11"]

1. d4 Nf6 2. Nf3 g6 3. Bf4 Bg7 4. e3 O-O 5. h3 d6 6. Be2 c5 7. O-O Qb6 8. Qc1 Nc6 9. Rd1 cxd4 10. exd4 Re8 11. d5 Nb4 12. c4 Ne4 13. Be3 Qc7 14. Nbd2 Nc5 15. a3 Nbd3 16. Bxd3 Nxd3 17. Qc2 Nxb2 18. Rdb1 Bf5 19. Qb3 Bxb1 20. Rxb1 b5 21. Rxb2 bxc4 22. Qxc4 Qxc4 23. Nxc4 Bxb2 24. Nxb2 Rec8 25. Nd4 Rab8 26. Nd3 Kf8 27. Nb4 Rc3 28. Ndc6 Rb7 29. a4 a5 30. Na6 Ra3 31. Nxa5 Rb1+ 32. Kh2 Rxa4 33. Bd2 Rba1 34. Nb3 Rxa6 35. Nxa1 Rxa1 0-1


[Site "https://www.chess.com"]

[Event "Titled Tuesday Blitz March 22 Late 2022"]
[White "Jobava, Baadur"]
[Black "Artemiev, Vladislav"]
[WhiteFideId "13601520"]
[BlackFideId "24101605"]
[WhiteElo "2617"]
[BlackElo "2811"]
[Result "0-1"]
[Round "08"]
[TimeControl "180+1"]
[Date "2022.03.22"]
[WhiteClock "0:00:06"]
[BlackClock "0:00:09"]

1. e4 e5 2. Nf3 Nc6 3. Bc4 Be7 4. d3 Nf6 5. Nc3 O-O 6. a4 d6 7. h3 Kh8 8. a5 a6 9. O-O Ng8 10. d4 f5 11. dxe5 fxe4 12. Nxe4 Rxf3 13. exd6 cxd6 14. Bxg8 Rxh3 15. Bd5 Rh4 16. g3 Rg4 17. Bf4 Qf8 18. Ra3 Qxf4 19. Kg2 Ne5 20. Rh1 Qf5 21. f3 Rg6 22. Rc3 Be6 23. Bxb7 Rf8 24. Nxd6 Bxd6 25. Qxd6 Qf4 26. Kf1 Rxg3 27. Be4 Bg8 28. Rc5 Qxe4 0-1


[Site "https://www.chess.com"]

[Event "Titled Tuesday Blitz March 22 Late 2022"]
[White "Kaasen, Tor Fredrik"]
[Black "Bryakin, Mikhail"]
[WhiteFideId "1516647"]
[BlackFideId "4165314"]
[WhiteElo "2335"]
[BlackElo "2417"]
[Result "0-1"]
[Round "08"]
[TimeControl "180+1"]
[Date "2022.03.22"]
[WhiteClock "0:00:20"]
[BlackClock "0:00:16"]

1. e4 c5 2. Nf3 d6 3. d4 cxd4 4. Nxd4 Nf6 5. Nc3 a6 6. h3 e5 7. Nde2 b5 8. Ng3 h5 9. Bd3 h4 10. Nf5 g6 11. Ne3 Bg7 12. a4 b4 13. Ncd5 a5 14. Nxf6+ Bxf6 15. Bb5+ Kf8 16. Nc4 Be7 17. Be3 Bb7 18. Bb6 Qc8 19. Nxd6 Qe6 20. Bc5 Ba6 21. Qd3 Bxb5 22. Qxb5 Bxd6 23. O-O-O Bxc5 24. Qxc5+ Kg7 25. Rd6 Qe8 26. Rhd1 Na6 27. Qc4 Qxa4 28. Kb1 Rhc8 29. Qd5 Qxc2+ 30. Ka1 Qa4+ 31. Kb1 b3 32. Rxg6+ Kxg6 0-1


[Site "https://www.chess.com"]

[Event "Titled Tuesday Blitz March 22 Late 2022"]
[White "Kokoszczynski, Jan"]
[Black "Debray, Christopher"]
[WhiteFideId "1174460"]
[BlackFideId "630810"]
[WhiteElo "2163"]
[BlackElo "2393"]
[Result "1-0"]
[Round "08"]
[TimeControl "180+1"]
[Date "2022.03.22"]
[WhiteClock "0:01:08"]
[BlackClock "0:00:01"]

1. e4 e6 2. d4 d5 3. e5 c5 4. c3 Nc6 5. Nf3 Qb6 6. Bd3 Bd7 7. O-O cxd4 8. Re1 dxc3 9. bxc3 Bc5 10. Qe2 Nge7 11. Nbd2 h6 12. Nb3 O-O 13. Rb1 Ng6 14. Nxc5 Qxc5 15. Rxb7 Bc8 16. Rb3 Rd8 17. Ba3 Qa5 18. Bd6 Bd7 19. Nd4 Nxd4 20. cxd4 Rac8 21. Reb1 Ba4 22. Bxg6 fxg6 23. Rb7 Bc6 24. Re7 Re8 25. Rxe8+ Rxe8 26. h4 Ba4 27. Qd3 Rc8 28. Qxg6 1-0


[Site "https://www.chess.com"]

[Event "Titled Tuesday Blitz March 22 Late 2022"]
[White "Kostiukov, Alexandr"]
[Black "Ferreira, Vitor Hugo Vieira"]
[WhiteFideId "14108100"]
[BlackFideId "2119765"]
[WhiteElo "2202"]
[BlackElo "2165"]
[Result "1-0"]
[Round "08"]
[TimeControl "180+1"]
[Date "2022.03.22"]
[WhiteClock "0:00:08"]
[BlackClock "0:00:08"]

1. g3 Nf6 2. Bg2 d5 3. d3 c6 4. e4 dxe4 5. dxe4 Qxd1+ 6. Kxd1 e5 7. f3 Bc5 8. Nd2 Be6 9. Bh3 Ke7 10. Bxe6 Kxe6 11. Nh3 h6 12. Nb3 Bb6 13. a4 a5 14. Ke2 Na6 15. c3 Nc5 16. Nxc5+ Bxc5 17. Be3 Bxe3 18. Kxe3 Rhd8 19. Nf2 b6 20. Rhd1 Ne8 21. f4 Nd6 22. b3 exf4+ 23. gxf4 f6 24. Rg1 Ra7 25. Rad1 Rad7 26. Nd3 Ne8 27. Rd2 g5 28. h4 gxh4 29. Rg6 Rg7 30. f5+ Kf7 31. Ne5+ fxe5 32. Rxg7+ Kxg7 33. Rxd8 Nf6 34. Rb8 h3 35. Kf3 h2 36. Kg2 Nxe4 37. Rxb6 c5 38. Rb5 Nxc3 39. Rxc5 Ne4 40. Rxe5 Nd2 41. Rxa5 Nxb3 42. Rb5 Nd4 43. Rb6 Nxf5 44. a5 Ng3 45. Kxh2 Nf1+ 46. Kg1 Ne3 47. a6 Nd5 48. Rb7+ Kg6 49. a7 Nc7 50. Rxc7 h5 51. a8=Q Kg5 52. Qa4 Kg6 53. Rc5 Kg7 54. Qa6 Kf8 55. Rc7 Ke8 56. Qa8# 1-0


[Site "https://www.chess.com"]

[Event "Titled Tuesday Blitz March 22 Late 2022"]
[White "Kozak, Adam"]
[Black "Janaszak, Dawid"]
[WhiteFideId "753246"]
[BlackFideId "1119206"]
[WhiteElo "2459"]
[BlackElo "2199"]
[Result "1-0"]
[Round "08"]
[TimeControl "180+1"]
[Date "2022.03.22"]
[WhiteClock "0:02:12"]
[BlackClock "0:00:01"]

1. Nf3 c5 2. e4 Nc6 3. d4 cxd4 4. Nxd4 g6 5. c4 e5 6. Nc2 d6 7. Nc3 Bg7 8. Be2 Nf6 9. O-O O-O 10. Be3 Be6 11. b3 Rc8 12. Qd2 Ne8 13. Rad1 f5 14. f4 g5 15. exf5 Bxf5 16. fxg5 Qa5 17. Rxf5 Rxf5 18. Bg4 Nd4 19. Nxd4 exd4 20. Bxd4 Bxd4+ 21. Qxd4 Ng7 22. Nd5 Rd8 23. Ne7+ Kf7 24. Nxf5 Nxf5 25. Bxf5 Qxf5 26. Rf1 1-0


[Site "https://www.chess.com"]

[Event "Titled Tuesday Blitz March 22 Late 2022"]
[White "Kozin, Yuri"]
[Black "Rostovtsev, Dmitry"]
[WhiteFideId "4129920"]
[BlackFideId "34278320"]
[WhiteElo "2549"]
[BlackElo "2359"]
[Result "0-1"]
[Round "08"]
[TimeControl "180+1"]
[Date "2022.03.22"]
[WhiteClock "0:00:21"]
[BlackClock "0:00:22"]

1. e4 e5 2. Nf3 Nc6 3. Bb5 a6 4. Ba4 Nf6 5. O-O Be7 6. Re1 b5 7. Bb3 d6 8. c3 O-O 9. h3 Bb7 10. d4 Re8 11. Ng5 Rf8 12. Nf3 h6 13. a4 Re8 14. Na3 Bf8 15. d5 Ne7 16. axb5 axb5 17. Bd2 c6 18. dxc6 Bxc6 19. Qe2 Nxe4 20. Nxb5 Qb6 21. c4 Nxd2 22. Nxd2 Bxb5 23. cxb5 Ng6 24. Bxf7+ Kxf7 25. Qf3+ Nf4 26. Rxa8 Rxa8 27. Qxa8 Qxb5 28. Qa2+ Kg6 29. g3 Nxh3+ 30. Kh2 Ng5 31. Re3 Be7 32. f4 exf4 33. Rxe7 Kf6 34. Re8 Qxe8 35. gxf4 Qe2+ 36. Kg3 Qe3+ 37. Kh2 Qxd2+ 0-1


[Site "https://www.chess.com"]

[Event "Titled Tuesday Blitz March 22 Late 2022"]
[White "Kujawski, Adam"]
[Black "Halkias, Stelios"]
[WhiteFideId "1100920"]
[BlackFideId "4201809"]
[WhiteElo "2053"]
[BlackElo "2453"]
[Result "0-1"]
[Round "08"]
[TimeControl "180+1"]
[Date "2022.03.22"]
[WhiteClock "0:00:12"]
[BlackClock "0:01:01"]

1. e4 e5 2. Nf3 Nc6 3. Bb5 a6 4. Ba4 Nf6 5. O-O Be7 6. Re1 b5 7. Bb3 d6 8. c3 O-O 9. h3 Nb8 10. d4 Nbd7 11. c4 Bb7 12. Nc3 c6 13. Qc2 Rc8 14. Be3 Re8 15. Rad1 Qa5 16. dxe5 dxe5 17. c5 Nxc5 18. Nxe5 Nxb3 19. Qxb3 Rf8 20. Nd7 Nxd7 21. Rxd7 Rc7 22. Red1 Bc8 23. Rxe7 Rxe7 24. Bc5 Qc7 25. Qb4 a5 26. Qd4 Rd7 27. Qe3 Rxd1+ 28. Nxd1 Rd8 29. Nc3 Re8 30. f3 a4 31. a3 Be6 32. Ne2 f6 33. g4 Bf7 34. Kg2 Qe5 35. Bd4 Qe7 36. Nf4 Rd8 37. Kg3 h6 38. h4 Qd6 39. h5 Qxd4 0-1


[Site "https://www.chess.com"]

[Event "Titled Tuesday Blitz March 22 Late 2022"]
[White "Ladan, Nicholas"]
[Black "Antonio, Jorge Carlos"]
[WhiteFideId "30918855"]
[BlackFideId "113190"]
[WhiteElo "2167"]
[BlackElo "2247"]
[Result "1-0"]
[Round "08"]
[TimeControl "180+1"]
[Date "2022.03.22"]
[WhiteClock "0:00:18"]
[BlackClock "0:00:01"]

1. d4 d5 2. Nf3 Nf6 3. Bf4 c5 4. e3 Nc6 5. Nbd2 Bf5 6. dxc5 e6 7. Bb5 Bxc5 8. Nd4 Bxd4 9. exd4 Qb6 10. Bxc6+ bxc6 11. Nb3 O-O 12. O-O a5 13. Bd6 Rfe8 14. Bc5 Qc7 15. a4 Ng4 16. g3 Nf6 17. f3 Bh3 18. Re1 Nd7 19. f4 Nf6 20. Nd2 Rab8 21. b3 Nd7 22. Qf3 Nxc5 23. dxc5 Bf5 24. Rac1 Qa7 25. Qf2 f6 26. Nf1 Be4 27. Nd2 Bf5 28. Nf3 Bg4 29. Nd2 e5 30. Kg2 e4 31. Qe3 Rb4 32. c3 Rb7 33. Rb1 h6 34. Qd4 Rbe7 35. Nf1 Bf3+ 36. Kf2 Qd7 37. Ne3 Qh3 38. Kg1 g5 39. Qxf6 gxf4 40. Qxf4 Rf8 41. Qh4 Qxh4 42. gxh4 Rg7+ 43. Kf2 Bh5+ 44. Nf5 Rxf5+ 45. Ke3 Rg2 46. b4 axb4 47. cxb4 Rf3+ 48. Kd4 Rxh2 49. b5 Kf7 50. b6 Kf6 51. Red1 Rd2+ 52. Rxd2 Rd3+ 53. Rxd3 exd3 54. b7 d2 55. b8=Q Bg6 56. Qe5+ Kf7 57. Rb7+ Kg8 58. Qg7# 1-0


[Site "https://www.chess.com"]

[Event "Titled Tuesday Blitz March 22 Late 2022"]
[White "Lazavik, Denis"]
[Black "Hakobyan, Aram"]
[WhiteFideId "13515110"]
[BlackFideId "13306677"]
[WhiteElo "2437"]
[BlackElo "2557"]
[Result "1/2-1/2"]
[Round "08"]
[TimeControl "180+1"]
[Date "2022.03.22"]
[WhiteClock "0:00:04"]
[BlackClock "0:00:07"]

1. d4 Nf6 2. c4 e6 3. Nf3 d5 4. Nc3 Bb4 5. Bg5 h6 6. Bxf6 Qxf6 7. e3 O-O 8. Qb3 c5 9. cxd5 exd5 10. dxc5 Bxc3+ 11. Qxc3 Qxc3+ 12. bxc3 Nd7 13. Rd1 Nf6 14. Nd4 Bd7 15. f3 Rfc8 16. Nb3 Ba4 17. Rd4 Bxb3 18. axb3 Rxc5 19. Kd2 Rac8 20. Bd3 Kf8 21. Rc1 Ke7 22. g4 Ra5 23. b4 Ra2+ 24. Rc2 Rxc2+ 25. Kxc2 g5 26. Bf5 Rc6 27. Rd1 a6 28. h4 gxh4 29. Rh1 Ne8 30. Rxh4 Nc7 31. Bd3 b6 32. Rh1 a5 33. bxa5 bxa5 34. Kd2 Ne8 35. Rh5 Nf6 36. Re5+ Kd6 37. Rf5 Ke6 38. Rf4 Rc7 39. Ra4 Ra7 40. Bc2 Nd7 41. Ra1 Nc5 42. Rh1 a4 43. Rxh6+ Ke7 44. Rh1 a3 45. Ra1 Kd6 46. g5 Nd7 47. f4 Nb6 48. Bd3 Kc5 49. Kc2 Nc4 50. e4 dxe4 51. Bxe4 Rd7 52. Bd3 Ne3+ 53. Kd2 Nd5 54. Bf5 Ra7 55. Kc2 Nxf4 56. Kb3 Nd5 57. Rxa3 Rb7+ 58. Ka2 Kc4 59. Ra4+ Kxc3 60. Be4 Nb4+ 61. Ka3 Rb6 62. Ra5 Kc4 63. Bf5 Nc6 64. Ra4+ Kc5 65. Be4 Nd4 66. Ra5+ Nb5+ 67. Kb2 Kc4 68. Kc1 Nc3 69. Bc2 Kd4 70. Rf5 Ke3 71. Rf6 Rb5 72. Rxf7 Rxg5 73. Re7+ Kd4 74. Rd7+ Ke3 75. Re7+ Kd4 76. Rd7+ Kc5 77. Rc7+ Kb4 78. Rb7+ Kc4 79. Rc7+ Kd4 80. Rd7+ 1/2-1/2


[Site "https://www.chess.com"]